 Dungeon Crawl Stone Soup version 0.29.0-4-gdea44cf6ec (webtiles) character file.

Game seed: 14809629513472611516

1 qw the Grasshopper (level 1, 0/12 HPs)
             Began as a Tengu Warper on Aug 28, 2022.
             Slain by a quokka (3 damage)
             ... on level 1 of the Dungeon.
             The game lasted 00:00:00 (37 turns).

qw the Grasshopper (Tengu Warper)                     Turns: 37, Time: 00:00:00

Health: 0/12       AC:  3    Str: 11    XL:     1   Next: 20%
Magic:  4/4        EV: 11    Int: 13    God:
Gold:   0          SH:  0    Dex: 13    Spells: 4/4 levels left

rFire   . . .      SeeInvis .   a - +0 hand axe
rCold   . . .      Faith    .   (no shield)
rNeg    . . .      Spirit   .   b - +0 leather armour
rPois   .          Reflect  .   (helmet restricted)
rElec   .          Harm     .   (no cloak)
rCorr   .          Rampage  .   (no gloves)
Will    .....                   (boots unavailable)
Stlth   +.........              (no amulet)
HPRegen 0.04/turn               (no ring)
MPRegen 0.09/turn               (no ring)

@: no status effects
A: beak, talons 3
a: no special abilities


You were on level 1 of the Dungeon.
You visited 1 branch of the dungeon, and saw 1 of its levels.


Innate Abilities, Weirdness & Mutations

You have a beak for a mouth.
You have claws for feet.


   Skills:
 - Level 2.0 Fighting
 + Level 2.3 Axes
 - Level 1.0 Throwing
 - Level 1.1 Armour
 - Level 2.1 Dodging
 - Level 2.0 Spellcasting
 - Level 2.4 Translocations


You had 4 spell levels left.
You didn't know any spells.
Your spell library contained the following spells:

 Spells                   Type           Power      Damage    Failure   Level
 Blink                    Tloc           14%        N/A       19%         2
 Gell's Gravitas          Tloc           7%         N/A       36%         3
 Lesser Beckoning         Tloc           7%         N/A       36%         3
 Teleport Other           Tloc           7%         N/A       36%         3
 Manifold Assault         Tloc           7%         N/A       98%         5

Inventory:

Hand Weapons
 a - a +0 hand axe (weapon)
Missiles
 d - 2 boomerangs of dispersal (quivered)
Armour
 b - a +0 leather armour (worn)
Scrolls
 c - a scroll of blinking

Dungeon Overview and Level Annotations

Branches:
Dungeon (1/15)

Altars:


Message History

The boomerang of dispersal barely misses the rat.
Throw: 3 boomerangs (disperse)
Press: ? - help, Q - select action Shift-Dir - straight line, f/p - rat You throw a boomerang of dispersal.
The boomerang of dispersal completely misses the rat.
You completely miss the rat. You claw the rat, but do no damage.
A quokka comes into view.
The rat bites you.
You closely miss the rat. You hit the jackal.
The jackal bites you but does no damage.
The rat closely misses you.
You barely miss the jackal. Your kick misses the jackal.
The jackal is heavily wounded.
You hit the rat. The jackal closely misses you. The rat barely misses you.
The jackal closely misses you.
You miss the goblin.
The goblin is severely wounded.
You barely miss the rat. You closely miss the jackal. The jackal bites you.
The goblin misses you. The rat bites you but does no damage.
The jackal closely misses you.
You hit the goblin.
You kill the goblin!
You hit the jackal but do no damage. You barely miss the rat.
The rat closely misses you.
The jackal bites you but does no damage.
The rat bites you but does no damage.
You miss the jackal.
The jackal is heavily wounded.
You hit the quokka but do no damage. You barely miss the rat.
The jackal misses you. The quokka closely misses you. The jackal bites you.
The rat bites you.
A goblin comes into view. It is wielding a +0 dagger.
The quokka bites you.
The goblin shouts!
You hit the jackal.
You kill the jackal!
You barely miss the rat. You closely miss the quokka. The quokka bites you.
You die...

.........#
#........##
g........#
#........#
#........#
#..##........#
#...rr%....# #@###
#...# #.#.###
#.#...#
#.###.######
#.#........##
#.#.######..#
..#.#######'######
.## #.............


You could see a quokka, a goblin and a rat.

Vanquished Creatures
  A goblin (D:1)
  A jackal (D:1)
2 creatures vanquished.

Notes
Turn   | Place    | Note
-------+----------+-------------------------------------------
     0 | D:1      | qw the Tengu Warper began the quest for the Orb.
     0 | D:1      | Reached XP level 1. HP: 12/12 MP: 4/4
     0 | D:1      | 0 ||| qw: Version: 0.1-a-89-g26bdef1
     0 | D:1      | 0 ||| qw: Game counter: 195
     0 | D:1      | 0 ||| qw: Always use a shield: true
     0 | D:1      | 0 ||| qw: God list: Okawaru
     0 | D:1      | 0 ||| qw: Allow faded altars: false
     0 | D:1      | 0 ||| qw: Do Orc after D:15 true
     0 | D:1      | 0 ||| qw: Do second Lair branch before Depths: true
     0 | D:1      | 0 ||| qw: Lair rune preference: random
     0 | D:1      | 0 ||| qw: Plans: Normal
     0 | D:1      | 0 ||| PLANNING D:1-11
    36 | D:1      | HP: 3/12 [quokka (1)]
    37 | D:1      | Slain by a quokka

Levels and vault maps discovered:
D:1:      amcnicky_arrival_flooded_fountain, layout_basic,
          nicolae_ecumenical_snake_handling, minmay_tetromino_l4

Action                   || total
-------------------------++-------
Melee: Hand axe          ||     7
       Kick              ||     1
Throw: Boomerang         ||     5
Armor: Leather armour    ||     4
Dodge: Dodged            ||     9

Table legend:
 A = Non-vault XP
 B = Vault XP
 C = Vault XP percentage of total XP
 D = Non-vault monster count
 E = Vault monster count
 F = Vault count percentage of total count
                 A         B        C        D         E       F
            +---------+---------+-------+---------+---------+-------
      Total |       0 |       4 | 100.0 |       0 |       2 | 100.0
            +---------+---------+-------+---------+---------+-------
        D:1 |       0 |       4 | 100.0 |       0 |       2 | 100.0
            +---------+---------+-------+---------+---------+-------
